 Dungeon Crawl Stone Soup version 0.26-a0-21-gf97e55dc39 (webtiles) character file.

Game seed: 8690518909085412147, levelgen mode: deterministic

2104 MisterFreud the Carver (level 9, -12/69 HPs)
             Began as a Formicid Abyssal Knight on May 26, 2020.
             Was an Elder of Lugonu.
             Splashed by an orc's acid (17 damage)
             ... on level 7 of the Dungeon.
             The game lasted 00:12:49 (7359 turns).

MisterFreud the Carver (Formicid Abyssal Knight)    Turns: 7359, Time: 00:12:50

Health: -12/69     AC: 10    Str: 20    XL:     9   Next: 53%
Magic:  12/12      EV:  8    Int: 12    God:    Lugonu [****..]
Gold:   338        SH:  5    Dex: 16    Spells: 8/8 levels left

rFire    . . .     SeeInvis +   C - +3 falchion (distort)
rCold    . . .     Gourm    .   (no shield)
rNeg     . . .     Faith    .   A - +0 chain mail
rPois    +         Spirit   .   (helmet unavailable)
rElec    .         Reflect  +   a - +2 cloak
rCorr    .         Harm     .   H - +3 pair of gloves of Resourcefulness {rPois}
MR       .....                  y - +0 pair of boots
Stlth    ..........             s - amulet of reflection
HPRegen  0.21/turn              M - ring of teleportation (curse)
MPRegen  0.13/turn              B - +6 ring of dexterity

@: corroded
A: permanent stasis, dig shafts and tunnels, four strong arms, antennae 3
a: Dig, Shaft Self, Depart the Abyss, Bend Space, Banish, Corrupt, Renounce
Religion


You were on level 7 of the Dungeon.
You worshipped Lugonu.
Lugonu was greatly pleased with you.
You were not hungry.

You visited 1 branch of the dungeon, and saw 7 of its levels.
You visited the Abyss 2 times.

You collected 365 gold pieces.
You spent 27 gold pieces at shops.

Inventory:

Hand Weapons
 C - a +3 falchion of distortion (weapon)
Missiles
 t - 5 boomerangs (quivered)
 v - 90 arrows
 w - 4 boomerangs of dispersal
 x - 50 bolts
Armour
 a - a +2 cloak (worn)
 y - a +0 pair of boots (worn)
 A - a +0 chain mail (worn)
 H - the +3 pair of gloves of Resourcefulness (worn) {rPois}
   (You found it on level 5 of the Dungeon)

   It protects you from poison.
Jewellery
 e - an uncursed ring of poison resistance
 m - an uncursed ring of flight
 s - an amulet of reflection (around neck)
 B - a +6 ring of dexterity (right hand)
 M - a cursed ring of teleportation (left hand)
Wands
 J - a wand of flame (4)
 L - a wand of paralysis (3)
Scrolls
 g - a scroll of identify
 i - 2 scrolls of magic mapping
 j - a scroll of random uselessness
 k - 2 scrolls of enchant weapon
 l - 2 scrolls of teleportation
 n - a scroll of immolation
 o - a scroll of fog
 p - a scroll of enchant armour
 r - a scroll of remove curse
 D - a scroll of fear
Potions
 b - 2 potions of heal wounds
 d - a potion of brilliance
 f - a potion of cancellation
 h - a potion of haste
 q - a potion of invisibility
 u - a potion of stabbing
 z - a potion of curing
 E - a potion of lignification
 F - 2 potions of ambrosia
 G - a potion of flight
 I - a potion of might
Comestibles
 c - 9 rations
 K - 5 chunks of flesh


   Skills:
 - Level 6.0 Fighting
 + Level 9.3 Long Blades
 - Level 6.0 Armour
 - Level 0.8 Dodging
 - Level 5.0 Invocations


You had 8 spell levels left.
You didn't know any spells.
Your spell library contained the following spells:

 Spells                   Type           Power        Failure   Level  Hunger
 Foxfire                  Conj/Fire      #...         96%         1    ##.....
 Conjure Flame            Conj/Fire      #.......     100%        3    ####...
 Inner Flame              Hex/Fire       #.......     100%        3    ####...
 Sticky Flame             Conj/Fire      #.......     100%        4    #####..
 Fireball                 Conj/Fire      #.........   100%        5    ######.


Dungeon Overview and Level Annotations

Branches:
Dungeon (7/15)             Temple (0/1) D:6

Altars:
Ashenzari
Fedhas
Hepliaklqana
Nemelex Xobeh
Okawaru
Uskayaw
Vehumet

Shops:
D:5 ?*}


Innate Abilities, Weirdness & Mutations

You cannot be hasted, slowed, berserked, paralysed or teleported.
You can dig through walls and to a lower floor.
Your four strong arms can wield two-handed weapons with a shield.
You have a pair of large antennae on your head. (SInv)


Message History

The orc zaps a wand.
You easily resist.
The orc hits you from afar with a +0 trident.
The orc priest begins to cast a cantrip, but forgets the words!
Unknown command.
The orc hits you but does no damage.
You barely miss the orc priest.
The orc zaps a wand.
The bolt of acid hits you!! The acid corrodes you!
You are splashed with acid!
* * * LOW HITPOINT WARNING * * *
You are too injured to fight recklessly!
You are too injured to fight recklessly!
You hit the orc priest.
Space bends around the orc priest.
The orc priest is heavily wounded.
You block the orc priest's attack.
You hit the orc priest.
The orc priest is severely wounded.
You block the orc priest's attack.
The orc zaps a wand.
The bolt of acid hits you!
* * * LOW HITPOINT WARNING * * *
The acid corrodes you!
You are splashed with acid!
You die...

... ####..###..... ....
...........#
##..#####........##
.................##
#....#............##
#..#...##..#...#...#
#.#...†.÷.....##..##
#.(#..o#...###...#.....
#...o@.)#†# ##........
###...(......##.#.....
#......o.....##.#.....
...............##.##..#.
...............##.....#.
...............##...)...
.....................#.#
..........##...#..##.#..
...... #.###


You could see an orc priest and 2 orcs.

Vanquished Creatures
  A hippogriff (D:7)
  Eustachio (D:4)
  A sky beast (D:6)
  2 ice beasts
  2 black bears
  A necrophage (D:7)
  An ogre (D:4)
  A centaur (D:6)
  2 bullfrogs
  A scorpion (D:6)
  A howler monkey (D:5)
  2 crimson imps
  A bullfrog zombie (D:5)
  2 hounds
  2 orc priests
  3 orc wizards
  A bullfrog skeleton (D:4)
  A worker ant (D:5)
  A hound skeleton (D:6)
  Robin (D:3)
  9 adders
  3 shadow imps
  4 worms
  2 dart slugs
  2 leopard geckos
  29 orcs
  2 giant cockroaches
  17 goblins
  11 hobgoblins
  15 jackals
  7 quokkas
  A ball python (D:3)
  14 bats
  A frilled lizard (D:1)
  9 kobolds
  A leopard gecko skeleton (D:4)
  A quokka skeleton (D:4)
  10 rats
166 creatures vanquished.

Vanquished Creatures (others)
  An ice beast (D:6)
  A phantom (D:5)
  A bullfrog skeleton (D:6)
  An orc (D:5)
4 creatures vanquished.

Grand Total: 170 creatures vanquished

Notes
Turn   | Place    | Note
-------+----------+-------------------------------------------
     0 | Abyss:1  | MisterFreud the Formicid Abyssal Knight began the quest for
                  | the Orb.
     0 | Abyss:1  | Reached XP level 1. HP: 18/18 MP: 2/2
    43 | Abyss:1  | Noticed a small abomination
    45 | D:1      | Escaped the Abyss
   123 | D:1      | Reached * piety under Lugonu
   325 | D:1      | Reached XP level 2. HP: 25/25 MP: 3/3
   431 | D:1      | Found a sparkling altar of Nemelex Xobeh.
   791 | D:1      | Reached XP level 3. HP: 31/31 MP: 4/4
  1490 | D:2      | Reached skill level 5 in Fighting
  1502 | D:2      | Reached XP level 4. HP: 8/39 MP: 5/5
  2133 | D:2      | Found an iron altar of Okawaru.
  2147 | D:2      | Reached XP level 5. HP: 19/46 MP: 6/6
  2484 | D:2      | Reached ** piety under Lugonu
  3397 | D:3      | Noticed Robin
  3426 | D:3      | Killed Robin
  3428 | D:3      | Reached XP level 6. HP: 37/52 MP: 7/9
  3560 | D:3      | Reached *** piety under Lugonu
  4693 | D:4      | Noticed Eustachio
  4705 | D:4      | Cast into level 1 of the Abyss (Eustachio)
  4719 | Abyss:1  | Noticed an eye of draining
  4721 | D:4      | Escaped the Abyss
  4732 | D:4      | Killed Eustachio
  4732 | D:4      | Reached skill level 5 in Invocations
  5073 | D:4      | Reached XP level 7. HP: 56/58 MP: 10/10
  5372 | D:4      | Reached skill level 5 in Armour
  5499 | D:5      | Entered Level 5 of the Dungeon
  5499 | D:5      | Found Keteveor's Gadget Shop.
  5567 | D:5      | Found Joanes's Gadget Emporium.
  5580 | D:5      | Found a hide-covered altar of Uskayaw.
  5602 | D:5      | Got a pair of bloodstained gloves
  5614 | D:5      | Identified the +3 pair of gloves of Resourcefulness {rPois}
                  | (You found it on level 5 of the Dungeon)
  5771 | D:5      | Reached skill level 3 in Long Blades
  5771 | D:5      | Reached XP level 8. HP: 64/64 MP: 11/11
  5826 | D:5      | Reached skill level 4 in Long Blades
  5947 | D:5      | Found Jumu's Assorted Antiques.
  5956 | D:5      | Bought a scroll labeled TIKKUA MAARAORPH for 27 gold pieces
  6162 | D:5      | Found Xenaneg's Magic Scroll Shop.
  6370 | D:6      | Reached skill level 5 in Long Blades
  6484 | D:6      | Found a radiant altar of Vehumet.
  6496 | D:6      | Found a staircase to the Ecumenical Temple.
  6526 | D:6      | Found a shattered altar of Ashenzari.
  6531 | D:6      | Reached skill level 6 in Long Blades
  6632 | D:6      | Found a blossoming altar of Fedhas.
  6831 | D:6      | Reached skill level 7 in Long Blades
  6831 | D:6      | Reached XP level 9. HP: 69/69 MP: 12/12
  6888 | D:6      | Reached **** piety under Lugonu
  7249 | D:7      | Found a hazy altar of Hepliaklqana.
  7286 | D:7      | Reached skill level 8 in Long Blades
  7322 | D:7      | Noticed a hippogriff
  7340 | D:7      | Killed a hippogriff
  7340 | D:7      | Reached skill level 9 in Long Blades
  7359 | D:7      | Splashed by an orc's acid

Illustrated notes

Levels and vault maps discovered:
D:1:      dpeg_arrival_prison, layout_loops_cross,
          nemelex_xobeh_ov_fountains_minmay
D:2:      layout_rooms, kennysheep_okawaru_gauntlet, grunt_decor_mini_mirrors
D:3:      layout_loops_ring, uniq_robin
D:4:      layout_basic, first_ration, uniq_eustachio
D:5:      layout_basic, basic_altar, serial_shops, nicolae_shop_crystal,
          nicolae_shop_trees, nicolae_shop_crystal, shop
D:6:      layout_loops_ring, vehumet_altar_wand_db,
          minmay_temple_entry_statues_fountains, basic_altar, ashenzari_altar_1
D:7:      layout_rooms, lemuel_round_altar, nicolae_dithmenos_shadow_blocks,
          overflow_temple_1_default

Skill      XL: |  1  2  3  4  5  6  7  8  9 |
---------------+----------------------------+-----
Fighting       | 4 5 6 |  6.0
Invocations    | 4 5 |  5.0
Armour         | 3 6 |  6.0
Long Blades    | 3 7 9 |  9.3
Dodging        | |  0.8

Action                   |  1- 3 |  4- 6 |  7- 9 || total
-------------------------+-------+-------+-------++-------
Melee: Falchion          |    96 |   235 |   206 ||   537
Throw: Boomerang         |       |       |     9 ||     9
Invok: Depart the Abyss  |     1 |     1 |       ||     2
  Use: Scroll            |     1 |       |    17 ||    18
       Potion            |       |     4 |       ||     4
 Stab: Sleeping          |     1 |       |       ||     1
  Eat: Chunk             |     2 |     9 |     7 ||    18
       Ration            |       |     1 |       ||     1
Armor: Leather armour    |    36 |    66 |       ||   102
       Chain mail        |       |    24 |   146 ||   170
Dodge: Dodged            |    65 |   156 |    70 ||   291
Block: Other             |       |    16 |    51 ||    67
       Reflection        |       |       |     3 ||     3
       Rpst.: Falchion   |    25 |    49 |    24 ||    98

Table legend:
 A = Non-vault XP
 B = Vault XP
 C = Vault XP percentage of total XP
 D = Non-vault monster count
 E = Vault monster count
 F = Vault count percentage of total count
                 A         B        C        D         E       F
            +---------+---------+-------+---------+---------+-------
      Total |    2770 |     236 |   7.9 |     155 |      15 |   8.8
            +---------+---------+-------+---------+---------+-------
        D:1 |      52 |       0 |   0.0 |      33 |       0 |   0.0
        D:2 |      94 |       0 |   0.0 |      20 |       0 |   0.0
        D:3 |     132 |      37 |  21.9 |      37 |      13 |  26.0
        D:4 |     193 |     197 |  50.5 |       8 |       1 |  11.1
        D:5 |     630 |       0 |   0.0 |      19 |       0 |   0.0
        D:6 |     879 |       2 |   0.2 |      27 |       1 |   3.6
        D:7 |     790 |       0 |   0.0 |      11 |       0 |   0.0
            +---------+---------+-------+---------+---------+-------
